 Dungeon Crawl Stone Soup version 0.23.1 (webtiles) character file.

Game seed: 14750185726485531205

93 esteth the Charmwright (level 4, -4/38 HPs)
             Began as a Gnoll Skald on Mar 10, 2019.
             Slain by Terence
             ... wielding a +0 flail
              (8 damage)
             ... on level 3 of the Dungeon.
             The game lasted 00:03:33 (2296 turns).

esteth the Charmwright (Gnoll Skald)                Turns: 2296, Time: 00:03:34

Health: -4/38      AC:  3    Str: 13    XL:     4   Next: 62%
Magic:  11/11      EV: 14    Int: 17    God:
Gold:   79         SH:  0    Dex: 14    Spells: 12/13 levels left

rFire    . . .     SeeInvis .   a - +0 spear
rCold    . . .     Gourm    .   (no shield)
rNeg     . . .     Faith    .   b - +0 leather armour
rPois    .         Spirit   .   (no helmet)
rElec    .         Reflect  .   (no cloak)
rCorr    .         Harm     .   (no gloves)
MR       .....                  (no boots)
Stlth    ++........             g - amulet of magic regeneration
HPRegen  0.12/turn              (no ring)
MPRegen  0.37/turn              (no ring)

@: no status effects
A: distributed training, fangs 1, strong nose
a: no special abilities


You were on level 3 of the Dungeon.
You were not hungry.

You visited 1 branch of the dungeon, and saw 3 of its levels.

You collected 79 gold pieces.

Inventory:

Hand Weapons
 a - a +0 spear (weapon)
Armour
 b - a +0 leather armour (worn)
Jewellery
 g - an amulet of magic regeneration (around neck)
Wands
 j - a wand of acid (3)
Scrolls
 c - a scroll of teleportation
 e - a scroll of remove curse
 f - 2 scrolls of identify
Potions
 i - a potion of lignification {unknown}
Comestibles
 d - 3 rations
 h - a chunk of flesh


   Skills:
 + Level 4.6 Fighting
 + Level 1.2 Short Blades
 + Level 1.2 Long Blades
 + Level 1.2 Axes
 + Level 1.2 Maces & Flails
 + Level 4.6 Polearms
 + Level 1.2 Staves
 + Level 1.2 Slings
 + Level 1.2 Bows
 + Level 1.2 Crossbows
 + Level 1.2 Throwing
 + Level 2.8 Armour
 + Level 4.6 Dodging
 + Level 1.2 Stealth
 + Level 1.2 Shields
 + Level 1.2 Unarmed Combat
 + Level 5.1 Spellcasting
 + Level 1.0 Conjurations
 + Level 1.0 Hexes
 + Level 5.5 Charms
 + Level 1.0 Summonings
 + Level 1.0 Necromancy
 + Level 1.0 Translocations
 + Level 1.0 Transmutations
 + Level 1.0 Fire Magic
 + Level 1.0 Ice Magic
 + Level 1.0 Air Magic
 + Level 1.0 Earth Magic
 + Level 1.0 Poison Magic
 + Level 1.3 Invocations
 + Level 1.2 Evocations


You had 12 spell levels left.
You knew the following spells:

 Your Spells              Type           Power        Failure   Level  Hunger
a - Infusion              Chrm           ###.         1%          1    None

Your spell library contained the following spells:

 Spells                   Type           Power        Failure   Level  Hunger
 Song of Slaying          Chrm           ###.....     2%          2    #......
 Shroud of Golubria       Chrm/Tloc      ###.......   7%          2    #......
 Regeneration             Chrm/Necr      ###.......   14%         3    ###....
 Spectral Weapon          Hex/Chrm       ###.....     14%         3    ###....


Dungeon Overview and Level Annotations

Branches:
Dungeon (3/15)

Altars:
Kikubaaqudgha

Annotations:
D:3 Terence


Innate Abilities, Weirdness & Mutations

Your experience applies equally to all skills.
You have very sharp teeth.
Your uncanny sense of smell can sniff out nearby items.


Message History

Terence completely misses you.
You hit Terence but do no damage. You bite Terence, but do no damage.
Terence is almost dead.
You closely miss Terence.
Terence is almost dead.
Terence hits you but does no damage. The leopard gecko barely misses you.
You barely miss Terence.
Terence is almost dead.
The leopard gecko bites you.
* * * LOW HITPOINT WARNING * * *
Terence hits you with a +0 flail.
* * * LOW HITPOINT WARNING * * *
You hit Terence.
Terence is almost dead.
The leopard gecko bites you.
* * * LOW HITPOINT WARNING * * *
You closely miss Terence.
Terence is almost dead.
Terence hits you with a +0 flail!
You die...

#.. .> # ..
.#.#####.
.........
........#
........# ∆
......l@#
#.#.#.@.....#
#.#.....?#
...##.#....?
... .....#.
#.... #.#..#
.... .# ^#
#### .. .#


You could see Terence and a leopard gecko.

Vanquished Creatures
  Natasha (D:2)
  A worker ant (D:2)
  An adder (D:1)
  An ooze (D:2)
  2 dart slugs (D:1)
  A leopard gecko (D:1)
  A ball python (D:2)
  2 giant cockroaches
  A goblin (D:2)
  2 hobgoblins (D:1)
  4 jackals
  2 kobolds
  A quokka (D:2)
  3 bats (D:2)
  A frilled lizard (D:1)
  A rat (D:1)
25 creatures vanquished.

Notes
Turn   | Place    | Note
-------+----------+-------------------------------------------
     0 | D:1      | esteth the Gnoll Skald began the quest for the Orb.
     0 | D:1      | Reached XP level 1. HP: 20/20 MP: 6/6
   208 | D:1      | Reached XP level 2. HP: 26/26 MP: 7/7
  1086 | D:1      | Reached XP level 3. HP: 8/31 MP: 9/9
  1090 | D:1      | HP: 1/31 [leopard gecko (4)]
  1141 | D:1      | Reached skill level 5 in Spellcasting
  1537 | D:2      | Reached skill level 1 in Short Blades
  1537 | D:2      | Reached skill level 1 in Long Blades
  1537 | D:2      | Reached skill level 1 in Axes
  1537 | D:2      | Reached skill level 1 in Maces & Flails
  1537 | D:2      | Reached skill level 1 in Staves
  1537 | D:2      | Reached skill level 1 in Slings
  1537 | D:2      | Reached skill level 1 in Bows
  1537 | D:2      | Reached skill level 1 in Crossbows
  1537 | D:2      | Reached skill level 1 in Throwing
  1537 | D:2      | Reached skill level 1 in Stealth
  1537 | D:2      | Reached skill level 1 in Shields
  1537 | D:2      | Reached skill level 1 in Unarmed Combat
  1537 | D:2      | Reached skill level 1 in Invocations
  1537 | D:2      | Reached skill level 1 in Evocations
  1537 | D:2      | Reached XP level 4. HP: 23/38 MP: 11/11
  1777 | D:2      | Found an ancient bone altar of Kikubaaqudgha.
  1999 | D:2      | Found a faded altar of an unknown god.
  2116 | D:2      | Noticed Natasha
  2136 | D:2      | Killed Natasha
  2139 | D:2      | Reached skill level 1 in Conjurations
  2139 | D:2      | Reached skill level 1 in Hexes
  2139 | D:2      | Reached skill level 1 in Summonings
  2139 | D:2      | Reached skill level 1 in Necromancy
  2139 | D:2      | Reached skill level 1 in Translocations
  2139 | D:2      | Reached skill level 1 in Transmutations
  2139 | D:2      | Reached skill level 1 in Fire Magic
  2139 | D:2      | Reached skill level 1 in Ice Magic
  2139 | D:2      | Reached skill level 1 in Air Magic
  2139 | D:2      | Reached skill level 1 in Earth Magic
  2139 | D:2      | Reached skill level 1 in Poison Magic
  2275 | D:3      | Noticed Terence
  2296 | D:3      | Slain by Terence

Skill      XL: |  1  2  3  4 |
---------------+-------------+-----
Spellcasting   | 5 |  5.1
Short Blades   | 1 |  1.2
Long Blades    | 1 |  1.2
Axes           | 1 |  1.2
Maces & Flails | 1 |  1.2
Staves         | 1 |  1.2
Slings         | 1 |  1.2
Bows           | 1 |  1.2
Crossbows      | 1 |  1.2
Throwing       | 1 |  1.2
Stealth        | 1 |  1.2
Shields        | 1 |  1.2
Unarmed Combat | 1 |  1.2
Invocations    | 1 |  1.3
Evocations     | 1 |  1.2
Conjurations   | 1 |  1.0
Hexes          | 1 |  1.0
Summonings     | 1 |  1.0
Necromancy     | 1 |  1.0
Translocations | 1 |  1.0
Transmutations | 1 |  1.0
Fire Magic     | 1 |  1.0
Ice Magic      | 1 |  1.0
Air Magic      | 1 |  1.0
Earth Magic    | 1 |  1.0
Poison Magic   | 1 |  1.0
Fighting       | |  4.6
Polearms       | |  4.6
Armour         | |  2.8
Dodging        | |  4.6
Charms         | |  5.5

Action                   |  1- 3 |  4- 6 || total
-------------------------+-------+-------++-------
Melee: Spear             |   121 |    55 ||   176
       Bite              |    13 |     7 ||    20
  Use: Scroll            |     2 |     2 ||     4
 Stab: Sleeping          |     1 |       ||     1
       Distracted        |       |     1 ||     1
  Eat: Ration            |     1 |       ||     1
       Chunk             |       |     1 ||     1
Armor: Leather armour    |    16 |     3 ||    19
Dodge: Dodged            |    95 |    27 ||   122
